 Dungeon Crawl Stone Soup version 0.31-a0-232-gb1c03b2570 (webtiles) character file.

Game seed: 12922261756194218613

74 qw the Shooter (level 4, 0/36 HPs)
             Began as a Minotaur Hexslinger on July 6, 2023.
             Slain by Pargi (6 damage)
             ... on level 3 of the Dungeon.
             The game lasted 00:00:39 (1864 turns).

qw the Shooter (Minotaur Hexslinger)                Turns: 1864, Time: 00:00:39

Health: 0/36       AC:  3    Str: 12    XL:     4   Next: 10%
Magic:  4/4        EV: 12    Int: 10    God:
Gold:   95         SH:  0    Dex: 15    Spells: 4/5 levels left

rFire   . . .        Y - +1 sling (flame)
rCold   . . .        (no shield)
rNeg    . . .        f - +0 leather armour
rPois   .            (helmet restricted)
rElec   .            (no cloak)
rCorr   +            (no gloves)
SInv    .            (no boots)
Will    .....        (no amulet)
Stlth   +            n - ring of resist corrosion
HPRegen 0.26/turn    (no ring)
MPRegen 0.09/turn

%: no passive effects
@: no status effects
A: horns 2, retaliatory headbutt
a: no special abilities


You were on level 3 of the Dungeon.
You visited 1 branch of the dungeon, and saw 3 of its levels.

You collected 95 gold pieces.


Innate Abilities, Weirdness & Mutations

You have a pair of horns on your head.
You reflexively headbutt those who attack you in melee.


   Skills:
 - Level 2.2 Fighting
 + Level 4.5 Ranged Weapons
 - Level 2.1 Dodging
 - Level 1.0 Spellcasting
 - Level 2.0 Hexes


You had 4 spell levels left.
You knew the following spells:

 Your Spells              Type           Power      Damage    Failure   Level
a - Slow                  Hex            16%        N/A       19%         1

Your spell library contained the following spells:

 Spells                   Type           Power      Damage    Failure   Level
 Inner Flame              Hex/Fire       2%         N/A       65%         3
 Portal Projectile        Hex/Tloc       4%         N/A       65%         3
 Cause Fear               Hex            2%         N/A       88%         4

Inventory:

Hand Weapons
 Y - a +1 sling of flaming (weapon)
Armour
 f - a +0 leather armour (worn)
Jewellery
 n - a ring of resist corrosion (left hand)
Scrolls
 a - a scroll of revelation {unknown}
 h - a scroll of identify
Potions
 b - a potion of haste {unknown}
 j - a potion of cancellation {unknown}

Dungeon Overview and Level Annotations

Branches:
Dungeon (3/15)

Altars:
Makhleb

Shops:
D:1 =

Annotations:
D:3 Pargi


Message History

You feel sick.
You are no longer poisoned.
Pargi bites you. Pargi closely misses you. Pargi claws you.
You have reached level 4!
You feel agile.
You shoot a sling bullet. The sling bullet hits Pargi.
The sling bullet burns Pargi.
Pargi is lightly wounded.
The frilled lizard bites you but does no damage.
Pargi barely misses you. Pargi claws you but does no damage.
Pargi closely misses you.
You shoot a sling bullet. The sling bullet hits Pargi.
The sling bullet burns Pargi.
Pargi is moderately wounded.
Pargi bites you!
Pargi claws you. x2; The frilled lizard bites you.
Pargi closely misses you. Pargi claws you but does no damage.
Pargi closely misses you.
The frilled lizard bites you but does no damage.
You shoot a sling bullet. The sling bullet closely misses Pargi.
The frilled lizard bites you but does no damage.
Pargi barely misses you. x2; Pargi claws you but does no damage.
You shoot a sling bullet. The sling bullet hits Pargi.
The sling bullet burns Pargi.
Pargi is heavily wounded.
The frilled lizard bites you but does no damage.
Pargi closely misses you. You furiously retaliate!
You headbutt Pargi. Pargi claws you. Pargi claws you but does no damage.
You shoot a sling bullet. The sling bullet hits Pargi.
The sling bullet burns Pargi.
Pargi is heavily wounded.
The frilled lizard barely misses you. You furiously retaliate!
You headbutt the frilled lizard.
You kill the frilled lizard!
Pargi closely misses you. Pargi claws you. x2
You shoot a sling bullet. The sling bullet closely misses Pargi.
Pargi bites you. Pargi misses you. Pargi claws you but does no damage.
You shoot a sling bullet. The sling bullet hits Pargi.
The sling bullet burns Pargi.
Pargi is severely wounded.
Pargi bites you.
You die...

#.##.#).#.#...#.##
#.##.#..#.#[..#<#
#.##..........#.#
#.#####.#.#.###.#
#.#####.%...###.#
................#
...#####...######
#...######
#.T@.....#
#.%.####.# .......
..........
...........
####........
#.###.#### #. .#


You could see Pargi.

Vanquished Creatures
  2 adders
  A worm (D:2)
  A dart slug (D:1)
  3 orcs (D:3)
  2 endoplasms
  A giant cockroach (D:1)
  5 goblins
  6 hobgoblins
  5 quokkas
  5 ball pythons
  6 bats
  6 frilled lizards
  5 rats
48 creatures vanquished.

Notes
Turn   | Place    | Note
-------+----------+-------------------------------------------
     0 | D:1      | qw the Minotaur Hexslinger began the quest for the Orb.
     0 | D:1      | Reached XP level 1. HP: 16/16 MP: 1/1
     0 | D:1      | 0 ||| qw: Version: 0.3-a-46-gb1f654a
     0 | D:1      | 0 ||| qw: Game counter: 1941
     0 | D:1      | 0 ||| qw: Melee chars always use a shield: true
     0 | D:1      | 0 ||| qw: God list: Okawaru
     0 | D:1      | 0 ||| qw: Allow faded altars: false
     0 | D:1      | 0 ||| qw: Do Orc after clearing Dungeon:15 true
     0 | D:1      | 0 ||| qw: Do second Lair branch before Depths: true
     0 | D:1      | 0 ||| qw: Lair rune preference: random
     0 | D:1      | 0 ||| qw: Goals: Normal
     0 | D:1      | 0 ||| PLANNING D:1-11
   299 | D:1      | Reached skill level 3 in Ranged Weapons
   313 | D:1      | Reached XP level 2. HP: 23/23 MP: 2/2
   323 | D:1      | Found Yvvik's Jewellery Boutique.
   343 | D:1      | 343 ||| SHOPLISTING +4 ring of protection (468 gold, have
                  | 5).
   343 | D:1      | 343 ||| SHOPLISTING +6 ring of dexterity (468 gold, have
                  | 5).
   343 | D:1      | 343 ||| SHOPLISTING +6 ring of strength (468 gold, have 5).
   343 | D:1      | 343 ||| SHOPLISTING amulet of reflection (390 gold, have
                  | 5).
   343 | D:1      | 343 ||| SHOPLISTING ring of poison resistance (260 gold,
                  | have 5).
   343 | D:1      | 343 ||| SHOPLISTING ring of positive energy (260 gold, have
                  | 5).
   343 | D:1      | 343 ||| SHOPLISTING ring of protection from cold (325 gold,
                  | have 5).
   343 | D:1      | 343 ||| SHOPLISTING ring of protection from fire (325 gold,
                  | have 5).
   343 | D:1      | 343 ||| SHOPLISTING ring of resist corrosion (260 gold,
                  | have 5).
   946 | D:1      | 946 ||| UPGRADING to +0 leather armour.
   956 | D:1      | 956 ||| DROPPING +0 robe.
   957 | D:1      | 957 ||| UPGRADING to ring of resist corrosion.
   958 | D:1      | 958 ||| READING scroll labelled ZALLUS GAFENK.
   959 | D:1      | 959 ||| READING scroll labelled ZUSU YFAIMER.
   962 | D:1      | 962 ||| READING scroll labelled QIPOIMMUWU.
   963 | D:1      | 963 ||| READING 2 scrolls labelled EMALUC UK IHO.
   964 | D:1      | 964 ||| READING scroll labelled XIVAEL CISK.
   965 | D:1      | 965 ||| READING scroll labelled OLEGHE SYUDAR.
   966 | D:1      | 966 ||| READING scroll labelled UPAKYA QEITH.
   967 | D:1      | 967 ||| READING scroll labelled QUAMUR GESEM.
   968 | D:1      | 968 ||| DROPPING scroll of poison.
  1063 | D:2      | Reached XP level 3. HP: 29/29 MP: 3/3
  1079 | D:2      | 1079 ||| FLEEEEING.
  1345 | D:2      | Reached skill level 4 in Ranged Weapons
  1372 | D:2      | Found a faded altar of an unknown god.
  1722 | D:2      | 1722 ||| READING scroll labelled DENIXITUHI GUFIA.
  1798 | D:3      | Found a burning altar of Makhleb.
  1851 | D:3      | Noticed Pargi
  1858 | D:3      | Reached XP level 4. HP: 25/36 MP: 4/4
  1862 | D:3      | HP: 7/36 [Pargi (3)]
  1864 | D:3      | Slain by Pargi

Levels and vault maps discovered:
D:1:      giann_wishing_wells, layout_basic, serial_shops,
          nicolae_shop_tiny_waterfront, minmay_misc_feat_cross
D:2:      layout_basic, dreamdust_ecumenical_altar_grove
D:3:      layout_loops_cross, amcnicky_altar_gilded, bloody_makhleb,
          bloody_trog, general_overflow_altar, minmay_tree_intersection,
          uniq_pargi

Skill      XL: |  1  2  3 |
---------------+----------+-----
Ranged Weapons | 3 4 |  4.5
Fighting       | 2 |  2.2
Dodging        | |  2.1
Spellcasting   | |  1.0
Hexes          | |  2.0

Action                     |  1- 3 |  4- 6 || total
---------------------------+-------+-------++-------
   Fire: Sling             |   126 |     7 ||   133
    Use: Scroll            |     9 |       ||     9
 Armour: Robe              |     2 |       ||     2
         Leather armour    |     2 |     9 ||    11
  Dodge: Dodged            |    32 |    10 ||    42

Table legend:
 A = Non-vault XP
 B = Vault XP
 C = Vault XP percentage of total XP
 D = Non-vault monster count
 E = Vault monster count
 F = Vault count percentage of total count
                 A         B        C        D         E       F
            +---------+---------+-------+---------+---------+-------
      Total |     107 |       0 |   0.0 |      48 |       0 |   0.0
            +---------+---------+-------+---------+---------+-------
        D:1 |      36 |       0 |   0.0 |      21 |       0 |   0.0
        D:2 |      43 |       0 |   0.0 |      18 |       0 |   0.0
        D:3 |      28 |       0 |   0.0 |       9 |       0 |   0.0
            +---------+---------+-------+---------+---------+-------
